 Dungeon Crawl Stone Soup version 0.21-a0-531-gacddea6 (webtiles) character file.

380 slep the Chopper (level 6, 0/32 HPs)
             Began as a Vine Stalker Gladiator on Dec 12, 2017.
             Slain by a giant cockroach (1 damage)
             ... on level 3 of the Dungeon.
             The game lasted 00:05:48 (2006 turns).

slep the Chopper (Vine Stalker Gladiator)           Turns: 2006, Time: 00:05:48

Health: 0/32       AC:  4    Str: 17    XL:     6   Next: 75%
Magic:  0/7        EV: 14    Int:  8    God:
Gold:   144        SH:  0    Dex: 17    Spells: 5/5 levels left

rFire    . . .     SeeInvis .   a - +0 war axe
rCold    . . .     Gourm    .   (no shield)
rNeg     . . .     Faith    .   b - +0 leather armour
rPois    .         Spirit   +   c - +0 helmet
rElec    .         Reflect  .   (no cloak)
rCorr    .         Harm     .   (no gloves)
MR       .....                  (no boots)
Stlth    ++........             h - amulet of regeneration
HPRegen  0.90/turn              (no ring)
MPRegen  0.10/turn              (no ring)

@: no status effects
A: fangs 2, regeneration 1, magic shield, antimagic bite, no potion heal 3, rot
immunity
a: no special abilities


You were on level 3 of the Dungeon.
You were near starving.

You visited 1 branch of the dungeon, and saw 3 of its levels.

You collected 144 gold pieces.

Inventory:

Hand Weapons
 a - a +0 war axe (weapon)
Missiles
 d - 3 throwing nets (quivered)
 o - 5 curare-tipped needles
Armour
 b - a +0 leather armour (worn)
 c - a +0 helmet (worn)
Jewellery
 h - an amulet of regeneration (around neck)
Wands
 p - a wand of polymorph (10)
Scrolls
 e - a scroll of magic mapping {unknown}
 g - 2 scrolls of enchant weapon {unknown}
 j - 4 scrolls of identify {unknown}
 l - a scroll of enchant armour {unknown}
 m - a scroll of blinking {unknown}
 s - a scroll of amnesia {unknown}
Potions
 n - a potion of haste {unknown}
 q - a potion of lignification {unknown}
Books
 r - a book of Conjurations

   Spells                             Type                      Level
   a - Magic Dart                     Conjuration                  1
   b - Searing Ray                    Conjuration                  2
   c - Dazzling Spray                 Conjuration/Hexes            3
   d - Fulminant Prism                Conjuration/Hexes            4
   e - Force Lance                    Conjuration/Translocation    4
   f - Iskenderun's Mystic Blast      Conjuration                  4
Comestibles
 f - 2 bread rations
 i - 3 fruits
 k - a royal jelly


   Skills:
 + Level 3.0 Fighting
 + Level 4.5 Axes
 + Level 1.8 Throwing
 + Level 1.7 Armour
 + Level 3.6 Dodging
 + Level 1.6 Stealth
 + Level 1.0 Unarmed Combat


You had 5 spell levels left.
You didn't know any spells.

Dungeon Overview and Level Annotations

Branches:
Dungeon (3/15)

Altars:
Kikubaaqudgha
Trog
Uskayaw
Wu Jian
The Shining One


Innate Abilities, Weirdness & Mutations

You have extremely sharp teeth.
Your natural rate of healing is unusually fast.
When hurt, damage is shared between your health and your magic reserves.
Your bite disrupts and absorbs the magic of your enemies.
Potions cannot restore your health.
You are immune to rotting.


Message History

The orc wizard gestures wildly while chanting.
The orc wizard blinks!
The orc hits you with a trident.
You barely miss the orc priest.
You bite the orc priest, but do no damage.
The orc priest is lightly wounded.
You hit the orc priest. You hit the orc but do no damage.
The orc hits you but does no damage. The orc priest closely misses you.
The orc priest completely misses you. The orc hits you with a trident.
You slash the orc priest! You bite the orc priest. You drain its power.
You feel invigorated.
The orc priest is severely wounded.
You barely miss the orc priest. You hit the orc.
You kill the orc!
The orc priest mumbles some strange prayers to Beogh against you.
Pain shoots through your body!
* * * LOW HITPOINT WARNING * * *
The orc priest hits you with a flail!
* * * LOW HITPOINT WARNING * * *
The giant cockroach bites you.
You die...

#..#..## ### #.#
#.#.## #......# #.#
#...# #......# #.#
###.#########...$..#
#..........##......#
#.####†....##o.....#
#. #.....##o.....##
# #.....##oo......
#.....##@s......
#........g......
#.....#.#####...
#.....#.# .
#.....#.# #.....#.#
#######.. ###


You could see 2 orc priests, an orc wizard, an orc, a giant cockroach and a
hobgoblin.

Vanquished Creatures
  Sigmund (D:2)
  A necrophage (D:3)
  An iguana (D:3)
  Terence (D:2)
  3 adders
  2 worms (D:2)
  2 leopard geckos (D:3)
  An orc (D:3)
  2 ball pythons
  7 bats
  3 giant cockroaches
  5 goblins
  10 hobgoblins
  4 jackals (D:1)
  10 kobolds
  A quokka (D:2)
  A frilled lizard (D:2)
  5 rats
60 creatures vanquished.

Notes
Turn   | Place    | Note
-------+----------+-------------------------------------------
     0 | D:1      | slep the Vine Stalker Gladiator began the quest for the Orb.
     0 | D:1      | Reached XP level 1. HP: 11/11 MP: 2/2
   259 | D:1      | Reached XP level 2. HP: 15/15 MP: 3/3
   266 | D:1      | Reached skill level 3 in Axes
   455 | D:1      | Reached XP level 3. HP: 17/18 MP: 4/4
   926 | D:2      | Found an ornate altar of the Wu Jian Council.
  1086 | D:2      | Gained mutation: Your natural rate of healing is unusually fast. [Vine Stalker growth]
  1086 | D:2      | Reached XP level 4. HP: 14/23 MP: 3/5
  1154 | D:2      | Noticed Terence
  1154 | D:2      | Noticed Sigmund
  1169 | D:2      | Killed Sigmund
  1169 | D:2      | Reached skill level 4 in Axes
  1169 | D:2      | Reached skill level 1 in Armour
  1169 | D:2      | Reached skill level 1 in Stealth
  1169 | D:2      | Reached XP level 5. HP: 27/27 MP: 4/6
  1176 | D:2      | Killed Terence
  1176 | D:2      | Reached XP level 6. HP: 32/32 MP: 7/7
  1259 | D:2      | Found a hide-covered altar of Uskayaw.
  1935 | D:3      | Found an ancient bone altar of Kikubaaqudgha.
  1935 | D:3      | Found a bloodstained altar of Trog.
  1967 | D:3      | Found a glowing golden altar of the Shining One.
  1976 | D:3      | Noticed a necrophage
  1987 | D:3      | Killed a necrophage
  1987 | D:3      | Reached skill level 1 in Unarmed Combat
  2006 | D:3      | HP: 1/32 [orc priest/flail (5)]
  2006 | D:3      | Slain by a giant cockroach

Vault maps used:
D:1:      minmay_arrival_up_and_down
D:2:      lemuel_round_altar, nicolae_overflow_crystal_walls, uniq_terence,
          uniq_sigmund
D:3:      gammafunk_temple_overflow_elements, tso_metal_star, uniq_grinder

Skill      XL: |  1  2  3  4  5  6 |
---------------+-------------------+-----
Axes           | 3 4 |  4.5
Fighting       | 2 3 |  3.0
Dodging        | 3 |  3.6
Armour         | 1 |  1.7
Stealth        | 1 |  1.6
Unarmed Combat | 1 |  1.0
Throwing       | |  1.8

Action                   |  1- 3 |  4- 6 || total
-------------------------+-------+-------++-------
Melee: War axe           |   111 |    56 ||   167
       Bite              |    21 |    23 ||    44
       Unarmed           |       |    12 ||    12
 Stab: Confused          |       |     1 ||     1
  Eat: Chunk             |     1 |     1 ||     2
Armor: Leather armour    |    41 |    15 ||    56
       Skin              |       |     5 ||     5
Dodge: Dodged            |    94 |    70 ||   164

Table legend:
 A = Spawn XP
 B = Non-spawn XP
 C = Spawn XP percentage of total XP
 D = Spawn monster count
 E = Non-spawn monster count
 F = Spawn count percentage of total count
 G = Total turns spent on level
                    A         B        C        D         E        F      G
               +---------+---------+-------+---------+---------+-------+---------
         Total |       0 |     543 |   0.0 |       0 |      60 |   0.0 |  2006
               +---------+---------+-------+---------+---------+-------+---------
           D:1 |       0 |      52 |   0.0 |       0 |      30 |   0.0 |   816
           D:2 |       0 |     291 |   0.0 |       0 |      19 |   0.0 |  1044
           D:3 |       0 |     200 |   0.0 |       0 |      11 |   0.0 |   146
               +---------+---------+-------+---------+---------+-------+---------
